 Dungeon Crawl Stone Soup version 0.29.0-5-ge4962eb29e (webtiles) character file.

Game seed: 4677715993740973217

7120 browni3141 the Grappler (level 10, -1/104 HPs)
             Began as a Troll Cinder Acolyte on Aug 30, 2022.
             Was a Priest of Ignis.
             Slain by a killer bee (6 damage)
             ... on level 9 of the Dungeon.
             The game lasted 00:13:40 (7919 turns).

browni3141 the Grappler (Troll Cinder Acolyte)      Turns: 7919, Time: 00:13:41

Health: -1/104     AC:  5    Str: 28    XL:     10   Next: 85%
Magic:  9/10       EV: 14    Int: 10    God:    Ignis [***...]
Gold:   1274       SH:  5    Dex:  5    Spells: 9/11 levels left

rFire   + . .      SeeInvis .     - Unarmed
rCold   + . .      Faith    .   (no shield)
rNeg    . . .      Spirit   .   s - +1 robe {rC+}
rPois   +          Reflect  +   (helmet restricted)
rElec   .          Harm     .   (no cloak)
rCorr   .          Rampage  .   (gloves unavailable)
Will    .....                   (boots unavailable)
Stlth   +.........              K - amulet of reflection
HPRegen 1.07/turn               E - +4 ring of evasion
MPRegen 0.12/turn               P - ring of poison resistance {@f3}

@: wereblooded
A: large, unfitting armour, claws 3, regeneration 1, shaggy fur 1, tough skin 1
a: Renounce Religion, Fiery Armour, Foxfire Swarm


You were on level 9 of the Dungeon.
You worshipped Ignis.
Ignis was most pleased with you.
You visited 1 branch of the dungeon, and saw 9 of its levels.
You also visited: Bailey.

You collected 1274 gold pieces.


Innate Abilities, Weirdness & Mutations

You are too large for most types of armour.
You have claws for hands.
Your natural rate of healing is unusually fast.
You are covered in fur. (AC +1)
You have tough skin. (AC +1)


   Skills:
 * Level 7.7 Fighting
 * Level 3.5 Throwing
 - Level 4.0 Dodging
 - Level 12.0 Unarmed Combat
 - Level 1.0 Spellcasting
 - Level 4.0 Transmutations
 - Level 2.1 Fire Magic


You had 9 spell levels left.
You knew the following spells:

 Your Spells              Type           Power      Damage    Failure   Level
w - Wereblood             Tmut           8%         N/A       10%         2

Your spell library contained the following spells:

 Spells                   Type           Power      Damage    Failure   Level
 Beastly Appendage        Tmut           16%        N/A       7%          1
 Scorch                   Fire           8%         2d5       22%         2
 Spider Form              Tmut/Pois      4%         N/A       41%         3
 Static Discharge         Conj/Air       0%         3-3/arc   45%         2
 Inner Flame              Hex/Fire       2%         N/A       54%         3
 Flame Wave               Conj/Fire      2%         2d4       91%         4
 Sticky Flame             Conj/Fire      2%         2d3       91%         4
 Cause Fear               Hex            0%         N/A       98%         4
 Dispel Undead            Necr           0%         3d6       98%         4
 Summon Ice Beast         Ice/Summ       0%         N/A       98%         4
 Summon Mana Viper        Hex/Summ       0%         N/A       100%        5
 Summon Cactus Giant      Summ           0%         N/A       100%        6
 Monstrous Menagerie      Summ           0%         N/A       100%        7
 Discord                  Hex            0%         N/A       100%        8

Inventory:

Missiles
 v - 26 poisoned darts {@f3}
 F - 5 atropa-tipped darts
 G - 19 boomerangs (quivered)
 H - a curare-tipped dart {@f4}
Armour
 a - a +0 robe
 s - a +1 robe of cold resistance (worn)
Magical Staves
 h - a staff of cold
 y - a staff of death
Jewellery
 E - a +4 ring of evasion (left claw)
 K - an amulet of reflection (around neck)
 P - a ring of poison resistance (right claw) {@f3}
 S - a +6 ring of strength
Scrolls
 b - 4 scrolls of magic mapping
 c - 2 scrolls of brand weapon
 f - 2 scrolls of silence {!r}
 g - 2 scrolls of teleportation {@r4}
 j - a scroll of fear {unknown}
 m - a scroll of poison {!r@f3}
 o - a scroll of enchant weapon
 p - 3 scrolls of torment {!r}
 q - a scroll of fog {unknown}
 u - a scroll of blinking {unknown}
 x - a scroll of vulnerability {!r}
 I - a scroll of immolation {unknown}
 J - 2 scrolls of identify {@r1}
Potions
 d - 3 potions of lignification {!q}
 e - a potion of attraction {unknown}
 i - a potion of invisibility
 k - 5 potions of flight
 l - 2 potions of mutation {!q}
 n - a potion of cancellation
 r - 2 potions of heal wounds {@q2}
 t - a potion of ambrosia
 w - a potion of degeneration {!q}
 z - a potion of resistance
 A - a potion of haste {@q3}
 B - 2 potions of curing {@q1}
 C - 2 potions of brilliance
 D - a potion of magic

Dungeon Overview and Level Annotations

Branches:
Dungeon (9/15)             Temple (0/1) D:7            Lair (0/5) D:8
 Bailey (visited)
    Orc: D:9-12

Altars:
Ashenzari
Fedhas
Hepliaklqana
Kikubaaqudgha
Qazlal
Ru
Uskayaw
Vehumet
Xom
Yredelemnul
The Shining One

Annotations:
D:3 3 runed translucent doors, PerfectTommy's ghost, amateur TrFi
D:7 2 transporters, exclusion: ice statue, themarg's ghost, novice GnTm

### #............##
... #............#
... ##..........##
... #..........# ...
#.........## ...
...........# . ...
...........### ...
...
########....†##.....
... ###..@...$...
)## ##.yy...... ##
###....... # #......
# ##.... # #...
......# ... ......#
## ......#


You could see 2 killer bees.


Message History

The killer bee completely misses you. The killer bee stings you!
* * * LOW HITPOINT WARNING * * *
You block the killer bee's attack.
Unknown command.
You barely miss the killer bee.
You feel sick. The killer bee stings you.
* * * LOW HITPOINT WARNING * * *
You block the killer bee's attack. The killer bee misses you.
The killer bee stings you.
* * * LOW HITPOINT WARNING * * *
You miss the killer bee. The killer bee stings you.
* * * LOW HITPOINT WARNING * * *
The killer bee barely misses you.
You miss the killer bee. You claw the killer bee!
The killer bee is almost dead.
You feel sick. The killer bee stings you.
* * * LOW HITPOINT WARNING * * *
The killer bee stings you.
* * * LOW HITPOINT WARNING * * *
The killer bee stings you.
* * * LOW HITPOINT WARNING * * *
The killer bee stings you.
* * * LOW HITPOINT WARNING * * *
You closely miss the killer bee.
The killer bee is almost dead.
You feel sick.
You are no longer poisoned.
The killer bee stings you.
* * * LOW HITPOINT WARNING * * *
The killer bee stings you.
You die...

Skill      XL: |  1  2  3  4  5  6  7  8  9 10 |
---------------+-------------------------------+-----
Unarmed Combat | 4 6 7 8 10 12 | 12.0
Fighting       | 4 5 6 7 |  7.7
Transmutations | 3 4 |  4.0
Dodging        | 4 |  4.0
Throwing       | 3 |  3.5
Spellcasting   | |  1.0
Fire Magic     | |  2.1

Action                   |  1- 3 |  4- 6 |  7- 9 | 10-12 || total
-------------------------+-------+-------+-------+-------++-------
Melee: Unarmed           |    99 |   109 |   242 |   121 ||   571
       Punch             |       |     2 |    12 |     8 ||    22
Throw: Dart              |       |     3 |     6 |       ||     9
       Boomerang         |       |       |     7 |    13 ||    20
 Cast: Wereblood         |       |       |     8 |     3 ||    11
Invok: Fiery Armour      |       |     2 |     3 |     1 ||     6
       Rising Flame      |       |       |       |     1 ||     1
  Use: Scroll            |       |       |    19 |       ||    19
       Potion            |       |       |     4 |     1 ||     5
Armor: Robe              |    33 |    23 |    73 |    27 ||   156
Dodge: Dodged            |    42 |    46 |   172 |   119 ||   379
Block: Other             |       |       |       |    10 ||    10

Levels and vault maps discovered:
D:1:      lightli_arrival_chessboard, layout_loops_corners,
          corexii_leaking_fountain, minmay_misc_feat_room,
          hangedman_abyss_or_decor_lesser_grid, chequers_mini_garden
D:2:      minmay_kobold_bridge, layout_loops_corners, basic_altar, uniq_terence
D:3:      layout_loops_ring, nicolae_tso_swordbearing_angel,
          mainiacjoe_overflow_catwalk_spiral,
          hellmonk_ecumenical_altar_inner_sanctum, gammafunk_ghost_split,
          dk_noncrumbling_4, serial_bayou_crossing
D:4:      layout_basic, general_overflow_altar, mainiacjoe_overflow_catwalk,
          mainiacjoe_overflow_catch_the_wave, grunt_decor_mini_mirrors,
          uniq_eustachio
D:5:      cheibrodos_quashed, layout_basic, dk_rats_in_the_wall
D:6:      layout_loops_ring, nicolae_uskayaw_dance_studio,
          minmay_misc_feat_tower, minivault_26
D:7:      layout_loops_ring, nicolae_ru_path_of_blood,
          minmay_temple_entry_glass, nzn_ghost_randoct
D:8:      layout_rooms, xom_shifter_show, minmay_lair_entry_grove,
          enter_bailey_8
D:9:      layout_cave_pods, lemuel_crystal_altar, hangedman_incinerator

Notes
Turn   | Place    | Note
-------+----------+-------------------------------------------
     0 | D:1      | browni3141 the Troll Cinder Acolyte began the quest for the
                  | Orb.
     0 | D:1      | Reached XP level 1. HP: 22/22 MP: 1/1
   217 | D:1      | Reached XP level 2. HP: 28/29 MP: 2/2
   443 | D:1      | Reached skill level 4 in Unarmed Combat
   557 | D:1      | Reached XP level 3. HP: 28/36 MP: 3/3
   727 | D:1      | You fall into a shaft and drop 1 floor!
  1269 | D:2      | Found a shimmering altar of Xom.
  1490 | D:2      | Reached XP level 4. HP: 44/44 MP: 4/4
  1649 | D:2      | Noticed Terence
  1670 | D:2      | HP: 3/44 [Terence/+0 trident (7)]
  1671 | D:2      | Killed Terence
  1672 | D:2      | Reached skill level 5 in Unarmed Combat
  1784 | D:3      | Found a broken altar of Ashenzari.
  1787 | D:3      | Found an ancient bone altar of Kikubaaqudgha.
  1979 | D:3      | Noticed an ogre
  1986 | D:3      | Killed an ogre
  1987 | D:3      | Reached skill level 6 in Unarmed Combat
  1987 | D:3      | Reached XP level 5. HP: 28/50 MP: 5/5
  2025 | D:3      | Found a runed translucent gate.
  2027 | D:3      | Found a runed translucent gate.
  2027 | D:3      | Found a runed translucent gate.
  2050 | D:3      | Noticed PerfectTommy's ghost (amateur TrFi)
  2154 | D:3      | Found a glowing golden altar of the Shining One.
  2342 | D:3      | Found a faded altar of an unknown god.
  2631 | D:4      | Noticed an ogre
  2640 | D:4      | Killed an ogre
  2641 | D:4      | Reached skill level 7 in Unarmed Combat
  2641 | D:4      | Reached XP level 6. HP: 52/59 MP: 6/6
  2809 | D:4      | Found a basalt altar of Yredelemnul.
  2847 | D:4      | Found a blossoming altar of Fedhas.
  2909 | D:4      | Identified the +9 trident of Rorroen {speed, Fragile Dex+7}
  3099 | D:4      | Found a stormy altar of Qazlal.
  3136 | D:4      | Found a radiant altar of Vehumet.
  3448 | D:4      | Noticed Eustachio
  3461 | D:4      | Killed Eustachio
  3462 | D:4      | Reached skill level 8 in Unarmed Combat
  3462 | D:4      | Reached XP level 7. HP: 54/66 MP: 7/7
  3555 | D:5      | Entered Level 5 of the Dungeon
  3609 | D:5      | Reached skill level 3 in Fighting
  3726 | D:5      | Learned a level 2 spell: Wereblood
  3870 | D:5      | Reached skill level 1 in Transmutations
  3947 | D:5      | Reached skill level 4 in Fighting
  3948 | D:5      | Reached skill level 2 in Transmutations
  4443 | D:5      | Identified a potion of resistance
  4511 | D:6      | Reached skill level 3 in Transmutations
  4511 | D:6      | Reached XP level 8. HP: 74/78 MP: 8/8
  4857 | D:6      | Reached skill level 5 in Fighting
  4857 | D:6      | Reached skill level 4 in Transmutations
  4973 | D:6      | Reached skill level 1 in Dodging
  4974 | D:6      | Reached skill level 2 in Dodging
  5039 | D:6      | Reached skill level 3 in Dodging
  5184 | D:6      | Found a hide-covered altar of Uskayaw.
  5433 | D:7      | Reached skill level 4 in Dodging
  5435 | D:7      | Reached XP level 9. HP: 85/88 MP: 6/9
  5476 | D:7      | Noticed an ice statue
  5481 | D:7      | Found a transporter.
  5486 | D:7      | Found a transporter.
  5488 | D:7      | Noticed a purple ugly thing
  5632 | D:7      | Found a staircase to the Ecumenical Temple.
  5639 | D:7      | Reached skill level 9 in Unarmed Combat
  5818 | D:7      | Noticed themarg's ghost (novice GnTm)
  5972 | D:7      | Reached skill level 10 in Unarmed Combat
  6253 | D:7      | Found a sacrificial altar of Ru.
  6378 | D:8      | Found a shimmering altar of Xom.
  6379 | D:8      | Found a shimmering altar of Xom.
  6379 | D:8      | Found a shimmering altar of Xom.
  6379 | D:8      | Found a shimmering altar of Xom.
  6380 | D:8      | Found a shimmering altar of Xom.
  6380 | D:8      | Found a shimmering altar of Xom.
  6390 | D:8      | Found a flagged portal.
  6460 | D:8      | Found a shimmering altar of Xom.
  6506 | D:8      | Noticed a gargoyle
  6507 | D:8      | Noticed a troll
  6513 | D:8      | Killed a gargoyle
  6518 | D:8      | Killed a troll
  6539 | D:8      | Reached skill level 6 in Fighting
  6563 | Bailey   | Entered a bailey
  6654 | Bailey   | Reached XP level 10. HP: 98/98 MP: 7/10
  6668 | Bailey   | Reached skill level 11 in Unarmed Combat
  6996 | D:8      | Found a staircase to the Lair.
  7210 | D:7      | Reached skill level 1 in Throwing
  7263 | D:8      | Reached skill level 7 in Fighting
  7283 | D:8      | Reached skill level 2 in Throwing
  7414 | D:8      | Noticed a two-headed ogre
  7425 | D:8      | Killed a two-headed ogre
  7626 | D:9      | Reached skill level 3 in Throwing
  7626 | D:9      | Reached skill level 12 in Unarmed Combat
  7768 | D:9      | Found a hazy altar of Hepliaklqana.
  7919 | D:9      | HP: 5/104 [killer bee (6)]
  7919 | D:9      | Slain by a killer bee

Vanquished Creatures
  A two-headed ogre (D:8)
  A gargoyle (D:8)
  A troll (D:8)
  4 wyverns
  A wraith (D:9)
  4 yaks
  Eustachio (D:4)
  A steam dragon (D:6)
  4 water moccasins
  9 orc warriors
  3 ice beasts
  4 ogres
  2 black bears
  3 centaurs
  3 kobold brigands
  6 bullfrogs
  2 necrophages
  A gnoll sergeant (D:6)
  4 scorpions
  9 killer bees
  3 howler monkeys
  2 jellies
  A hound (D:5)
  Terence (D:2)
  4 orc wizards
  6 iguanas
  4 gnolls (D:6)
  11 adders
  A shadow imp (D:5)
  A white imp (D:6)
  An ufetubus (D:7)
  2 worms
  2 dart slugs (D:1)
  21 orcs
  6 bats
  4 endoplasms
  4 giant cockroaches
  4 goblins
  10 hobgoblins
  5 jackals (D:1)
  5 quokkas
  6 ball pythons
  5 frilled lizards
  32 kobolds
  4 rats
209 creatures vanquished.

Vanquished Creatures (others)
  3 fungi (D:8)
  6 plants (D:8)
9 creatures vanquished.

Grand Total: 218 creatures vanquished

Table legend: (Time is in decaauts)
 A = Elapsed time spent in this place.
 B = Non-inter-level travel time spent in this place.
 C = Inter-level travel time spent in this place.
 D = Time resting spent in this place.
 E = Time spent auto-exploring this place.
 F = Levels seen in this place.
 G = Mean time per level.
                   A        B        C        D        E       F      G
               +--------+--------+--------+--------+--------+-----+--------+
         Total |   7858 |   7496 |    362 |    140 |   5714 |  10 |  785.8 |
       Dungeon |   7494 |   7132 |    362 |    140 |   5479 |   9 |  832.7 |
        Bailey |    364 |    364 |      0 |      0 |    235 |   1 |  364.0 |
               +--------+--------+--------+--------+--------+-----+--------+

Top non-repeatable levels by time:
     D:7: 1094 daAuts
     D:4: 989 daAuts
     D:5: 970 daAuts
     D:2: 895 daAuts
     D:1: 869 daAuts
     D:3: 856 daAuts
     D:6: 820 daAuts
     D:8: 676 daAuts
  Bailey: 364 daAuts
     D:9: 321 daAuts

Table legend:
 A = Non-vault XP
 B = Vault XP
 C = Vault XP percentage of total XP
 D = Non-vault monster count
 E = Vault monster count
 F = Vault count percentage of total count
                 A         B        C        D         E       F
            +---------+---------+-------+---------+---------+-------
      Total |    6602 |    3570 |  35.1 |     166 |      43 |  20.6
            +---------+---------+-------+---------+---------+-------
        D:1 |      51 |       0 |   0.0 |      28 |       0 |   0.0
        D:2 |      45 |      40 |  47.1 |      18 |       4 |  18.2
        D:3 |     241 |       0 |   0.0 |      18 |       0 |   0.0
        D:4 |     229 |     202 |  46.9 |      15 |       1 |   6.2
        D:5 |     510 |       0 |   0.0 |      15 |       0 |   0.0
        D:6 |    1293 |     106 |   7.6 |      21 |       3 |  12.5
        D:7 |    1404 |     610 |  30.3 |      31 |       3 |   8.8
        D:8 |    2198 |    1676 |  43.3 |      13 |      10 |  43.5
        D:9 |     631 |       0 |   0.0 |       7 |       0 |   0.0
     Bailey |       0 |     936 | 100.0 |       0 |      22 | 100.0
            +---------+---------+-------+---------+---------+-------
